[Event "Titled Tuesday Blitz April 11 Early 2023"]
[White "Chernomordik, Pavel"]
[Black "Ciuffoletti, Paolo"]
[WhiteFideId "2804530"]
[BlackFideId "807630"]
[WhiteElo "2193"]
[BlackElo "2143"]
[Result "1-0"]
[Round "02"]
[TimeControl "180+2"]
[Date "2023.04.11"]
[WhiteClock "0:00:35"]
[BlackClock "0:00:04"]

1. e4 c5 2. Nc3 Nc6 3. Bb5 Nd4 4. Bc4 d6 5. Nge2 Nf6 6. d3 g6 7. Nxd4 cxd4 8. Ne2 Qb6 9. O-O Bg7 10. a4 a5 11. f4 Be6 12. Bb5+ Bd7 13. Bxd7+ Nxd7 14. Ra3 O-O 15. f5 Nc5 16. Nf4 e6 17. Qe1 Rae8 18. Qh4 exf5 19. exf5 Qd8 20. Qg3 Be5 21. Qf3 Kg7 22. Nd5 Qh4 23. g3 Qh3 24. f6+ Kh8 25. Bd2 Re6 26. Bxa5 Nd7 27. Rb3 Nxf6 28. Rxb7 Ng4 29. Qg2 Qxg2+ 30. Kxg2 Ne3+ 31. Nxe3 dxe3 32. Re1 Ra8 33. Bb4 Rxa4 34. Rxe3 Bxb2 35. Rxe6 fxe6 36. Bxd6 Ra2 37. Rxb2 1-0


[Site "https://www.chess.com"]

[Event "Titled Tuesday Blitz April 11 Early 2023"]
[White "Dudzinski, Pawel"]
[Black "Kowalysko, Roman"]
[WhiteFideId "1117890"]
[BlackFideId "30918510"]
[WhiteElo "2099"]
[BlackElo "2179"]
[Result "1-0"]
[Round "02"]
[TimeControl "180+2"]
[Date "2023.04.11"]
[WhiteClock "0:02:14"]
[BlackClock "0:02:24"]

1. e4 c5 2. Nc3 Nc6 3. g3 g6 4. Bg2 Bg7 5. d3 d6 6. Be3 e6 7. Qd2 Rb8 8. f4 Nge7 9. Nf3 O-O 10. d4 b6 11. O-O-O cxd4 12. Nxd4 Bb7 13. Nxc6 Bxc6 14. Qxd6 Qxd6 15. Rxd6 Rfd8 16. Rxd8+ Rxd8 17. Rd1 Rxd1+ 18. Nxd1 f5 19. Nf2 Kf7 20. c3 e5 21. Kd2 exf4 22. Bxf4 fxe4 23. Bxe4 Nf5 24. Bxc6 1-0


[Site "https://www.chess.com"]

[Event "Titled Tuesday Blitz April 11 Early 2023"]
[White "Dahlgren, James Allen"]
[Black "Trifan, Andrei Ioan"]
[WhiteFideId "22256873"]
[BlackFideId "12967068"]
[WhiteElo "2177"]
[BlackElo "2208"]
[Result "0-1"]
[Round "02"]
[TimeControl "180+2"]
[Date "2023.04.11"]
[WhiteClock "0:01:52"]
[BlackClock "0:01:47"]

1. e4 e5 2. Nf3 Nc6 3. Bc4 Bc5 4. c3 Nf6 5. d4 exd4 6. cxd4 Bb4+ 7. Bd2 Nxe4 8. d5 Nxd2 9. Nbxd2 Qe7+ 10. Kf1 Ne5 11. Nxe5 Qxe5 12. Nf3 Qe7 13. Qb3 O-O 14. a3 Bc5 15. Re1 Qf6 16. h4 d6 17. Ng5 Qxf2# 0-1


[Site "https://www.chess.com"]

[Event "Titled Tuesday Blitz April 11 Early 2023"]
[White "Rangel, Daniel"]
[Black "rionelG"]
[WhiteFideId "2124475"]
[WhiteElo "2256"]
[BlackElo "2177"]
[Result "1-0"]
[Round "02"]
[TimeControl "180+2"]
[Date "2023.04.11"]
[WhiteClock "0:00:54"]
[BlackClock "0:00:11"]

1. e4 c5 2. Nf3 d6 3. d4 cxd4 4. Nxd4 Nf6 5. Nc3 a6 6. f3 e5 7. Nb3 Be7 8. Be3 Be6 9. Qd2 O-O 10. O-O-O a5 11. Qf2 a4 12. Nc5 a3 13. b3 Qc8 14. Nxe6 fxe6 15. Bc4 Nc6 16. Bd2 Na5 17. Bd3 Qc7 18. Nb5 Qc6 19. Kb1 Rfc8 20. c4 Nd7 21. Qg3 Nc5 22. Bc2 Na4 23. Qh3 Kf7 24. Rhf1 Nxc4 25. bxc4 Qxc4 26. Bb3 Qxb5 27. Qxe6+ Ke8 28. Bg5 Qd7 29. Qf7+ Kd8 30. Qf8+ Qe8 31. Bxe7+ Kd7 32. Rxd6+ Kc7 33. Rc1+ Kb8 34. Rxc8+ Qxc8 35. Qxc8+ Kxc8 36. Rd8+ 1-0


[Site "https://www.chess.com"]

[Event "Titled Tuesday Blitz April 11 Early 2023"]
[White "Baruch, Liam"]
[Black "Rios Escobar, Adan"]
[WhiteFideId "14322064"]
[BlackFideId "3403645"]
[WhiteElo "2168"]
[BlackElo "2465"]
[Result "0-1"]
[Round "02"]
[TimeControl "180+2"]
[Date "2023.04.11"]
[WhiteClock "0:00:10"]
[BlackClock "0:00:14"]

1. e4 c5 2. Nf3 d6 3. d4 cxd4 4. Nxd4 Nf6 5. Nc3 a6 6. Be2 e5 7. Nb3 Be6 8. O-O Be7 9. Re1 Nbd7 10. Bf1 Rc8 11. Nd5 Nxd5 12. exd5 Bf5 13. c3 O-O 14. a4 Bg6 15. a5 f5 16. f4 Bh4 17. g3 Bf6 18. Ra4 Kh8 19. Bg2 Nc5 20. Rb4 Rf7 21. Be3 Rd7 22. fxe5 Bxe5 23. Nxc5 dxc5 24. Bxc5 Bxg3 25. Bb6 Bc7 26. Qe2 h6 27. Bxc7 Qxc7 28. Qe6 Rd6 29. Qe7 Qc5+ 30. Kh1 Rc7 31. Qf8+ Kh7 32. Rb6 Rxd5 33. Qxc5 Rdxc5 34. Rxb7 Rxb7 35. Bxb7 Rxa5 36. Bg2 Ra2 37. Re2 Ra1+ 38. Bf1 Rxf1+ 39. Kg2 Rb1 40. Rd2 f4 41. Kf2 a5 42. Kf3 a4 43. Kxf4 h5 44. Kg5 Rg1+ 45. Kf4 Rg4+ 46. Ke3 Kh6 47. Rd4 Rg2 48. Rd2 Rxd2 49. Kxd2 Kg5 50. c4 Bf7 51. c5 Be8 52. Ke3 Kg4 53. Kf2 Kh3 54. Kg1 g5 55. Kh1 Bc6+ 56. Kg1 g4 57. b4 axb3 58. Kf2 Kxh2 59. Ke3 h4 60. Kf4 g3 61. Ke5 h3 62. Kd6 Bf3 63. c6 Bxc6 64. Kxc6 b2 65. Kc7 b1=Q 66. Kd7 g2 67. Ke6 Kg3 68. Kf6 Kf4 0-1


[Site "https://www.chess.com"]

[Event "Titled Tuesday Blitz April 11 Early 2023"]
[White "dDobravcan"]
[Black "Jimenez Jimenez, Leandro"]
[BlackFideId "6415253"]
[WhiteElo "2152"]
[BlackElo "2263"]
[Result "0-1"]
[Round "02"]
[TimeControl "180+2"]
[Date "2023.04.11"]
[WhiteClock "0:00:15"]
[BlackClock "0:00:42"]

1. e4 e5 2. Nf3 Nc6 3. Bb5 a6 4. Bxc6 dxc6 5. O-O Bg4 6. h3 h5 7. d3 Qf6 8. Be3 g5 9. Bxg5 Qg7 10. Nbd2 f6 11. Be3 Bxh3 12. Ne1 h4 13. f4 Bxg2 14. Nxg2 h3 15. Qf3 hxg2 16. Qxg2 Qh7 17. fxe5 O-O-O 18. exf6 Nxf6 19. Rxf6 Rg8 20. Rf2 Bh6 21. Nc4 b5 22. Bxh6 Qxh6 23. Nd2 Rxg2+ 24. Rxg2 Qe3+ 25. Rf2 Rg8+ 26. Kf1 Rh8 27. Kg1 Qh3 28. Rff1 Qg3# 0-1


[Site "https://www.chess.com"]

[Event "Titled Tuesday Blitz April 11 Early 2023"]
[White "Shuvalov, Evgenij"]
[Black "Vargas Rodriguez, Wilver"]
[WhiteFideId "4187237"]
[BlackFideId "3509672"]
[WhiteElo "2080"]
[BlackElo "2224"]
[Result "1-0"]
[Round "02"]
[TimeControl "180+2"]
[Date "2023.04.11"]
[WhiteClock "0:00:57"]
[BlackClock "0:00:02"]

1. d4 Nf6 2. c4 d6 3. Nf3 Nbd7 4. Nc3 g6 5. e4 e5 6. g3 Bg7 7. Bg2 O-O 8. O-O c6 9. h3 Re8 10. Re1 Qe7 11. d5 cxd5 12. cxd5 a6 13. a4 b6 14. Be3 a5 15. Nd2 Nc5 16. Bxc5 bxc5 17. Nb5 Ba6 18. Bf1 Reb8 19. Ra3 Ne8 20. Rb3 Nc7 21. Nxc7 Qxc7 22. Bxa6 Rxa6 23. Nc4 Rb4 24. Rxb4 cxb4 25. b3 Ra7 26. Qd2 Bf8 27. Rc1 Qd7 28. Kg2 Kg7 29. Nb6 Qd8 30. Rc6 Ra6 31. Nc4 Rxc6 32. dxc6 Qc7 33. Qd5 Be7 34. Nxa5 f5 35. f3 f4 36. g4 Bh4 37. Nc4 1-0


[Site "https://www.chess.com"]

[Event "Titled Tuesday Blitz April 11 Early 2023"]
[White "Chandreyee, Hajra"]
[Black "Graham, Nathaniel"]
[WhiteFideId "5056535"]
[BlackFideId "2007983"]
[WhiteElo "1725"]
[BlackElo "2136"]
[Result "1-0"]
[Round "02"]
[TimeControl "180+2"]
[Date "2023.04.11"]
[WhiteClock "0:01:13"]
[BlackClock "0:00:28"]

1. e4 c5 2. Nf3 e6 3. d4 cxd4 4. Nxd4 Nf6 5. Nc3 Nc6 6. Ndb5 d6 7. Bf4 e5 8. Bg5 a6 9. Bxf6 gxf6 10. Na3 f5 11. Bd3 b5 12. Nd5 Be6 13. c4 Bxd5 14. exd5 Nd4 15. cxb5 Rb8 16. bxa6 Rxb2 17. Qa4+ 1-0


[Site "https://www.chess.com"]

[Event "Titled Tuesday Blitz April 11 Early 2023"]
[White "lolliNOPE"]
[Black "Baches Garcia, Guillermo"]
[BlackFideId "2209764"]
[WhiteElo "2136"]
[BlackElo "2462"]
[Result "1/2-1/2"]
[Round "02"]
[TimeControl "180+2"]
[Date "2023.04.11"]
[WhiteClock "0:00:22"]
[BlackClock "0:00:19"]

1. e4 d5 2. exd5 Qxd5 3. Nc3 Qa5 4. Nf3 c6 5. d4 Nf6 6. Bd3 Bf5 7. O-O e6 8. Re1 Nbd7 9. Ne5 Bg6 10. Nxd7 Nxd7 11. a3 Bd6 12. Ne4 Be7 13. c4 Nf6 14. Bd2 Qd8 15. Bc3 O-O 16. Qf3 Nxe4 17. Bxe4 Bf6 18. Rad1 Re8 19. Bxg6 hxg6 20. h3 Qd6 21. Re3 b5 22. cxb5 cxb5 23. d5 exd5 24. Rxe8+ Rxe8 25. Rxd5 Qc6 26. Bxf6 gxf6 27. Rd1 Qxf3 28. gxf3 Re2 29. Rd7 a5 30. b4 axb4 31. axb4 Rb2 32. Rd4 Kg7 33. Kg2 f5 34. h4 Kf6 35. f4 Ke6 36. Kg3 Rb3+ 37. Kg2 Rb1 38. Kg3 Rb3+ 39. Kg2 Rb1 40. Kg3 Rb3+ 1/2-1/2


[Site "https://www.chess.com"]

[Event "Titled Tuesday Blitz April 11 Early 2023"]
[White "Munro, Allan"]
[Black "Manukian, Artak"]
[WhiteFideId "7700245"]
[BlackFideId "13301373"]
[WhiteElo "2084"]
[BlackElo "2130"]
[Result "0-1"]
[Round "02"]
[TimeControl "180+2"]
[Date "2023.04.11"]
[WhiteClock "0:00:04"]
[BlackClock "0:00:44"]

1. d4 d5 2. c4 dxc4 3. e4 e5 4. Nf3 exd4 5. Bxc4 Bb4+ 6. Nbd2 Bxd2+ 7. Bxd2 Nf6 8. e5 Nd5 9. Qb3 c6 10. O-O O-O 11. Rad1 h6 12. h3 Nb6 13. Bd3 Be6 14. Qc2 Na6 15. Bxa6 bxa6 16. Qxc6 Bd5 17. Qc2 Bxf3 18. gxf3 Qd5 19. Qe4 Rfd8 20. Qxd5 Rxd5 21. f4 Rc8 22. b3 Rc2 23. Bb4 a5 24. Rd3 axb4 0-1


[Site "https://www.chess.com"]

[Event "Titled Tuesday Blitz April 11 Early 2023"]
[White "Barria Santos, Jose Guilherme"]
[Black "Maxfan2008"]
[WhiteFideId "1939300"]
[WhiteElo "2266"]
[BlackElo "2458"]
[Result "0-1"]
[Round "02"]
[TimeControl "180+2"]
[Date "2023.04.11"]
[WhiteClock "0:00:11"]
[BlackClock "0:01:05"]

1. e4 c5 2. Nf3 d6 3. d4 cxd4 4. Nxd4 Nf6 5. Nc3 a6 6. Bg5 e6 7. f4 Qb6 8. Qd2 Qxb2 9. Rb1 Qa3 10. e5 dxe5 11. fxe5 h6 12. Bh4 g5 13. Bg3 Nh5 14. Bd3 Nxg3 15. hxg3 Bg7 16. Ne4 Bxe5 17. Nf3 Bg7 18. O-O Nc6 19. Rb3 Qe7 20. g4 O-O 21. Ng3 b5 22. Nh5 Bh8 23. Be4 Bb7 24. Qd3 Rfd8 25. Bh7+ Kf8 26. Qe2 Nd4 27. Nxd4 Bxd4+ 28. Kh1 Bd5 29. Rd3 Bc4 30. Bg6 f6 31. Qe4 Bxd3 32. cxd3 Kg8 33. Bh7+ Qxh7 34. Nxf6+ Bxf6 0-1


[Site "https://www.chess.com"]

[Event "Titled Tuesday Blitz April 11 Early 2023"]
[White "Sailer, Mike"]
[Black "Davidson, Kevin"]
[WhiteFideId "2012901"]
[BlackFideId "2056810"]
[WhiteElo "2109"]
[BlackElo "2151"]
[Result "1-0"]
[Round "02"]
[TimeControl "180+2"]
[Date "2023.04.11"]
[WhiteClock "0:00:16"]
[BlackClock "0:00:29"]

1. d4 Nf6 2. Bg5 Ne4 3. Bf4 g5 4. Bc1 g4 5. f3 gxf3 6. exf3 Nf6 7. Bd3 d5 8. Bf4 c5 9. c3 Qb6 10. Qc2 cxd4 11. cxd4 Nc6 12. Ne2 Nb4 13. Qb3 Nxd3+ 14. Qxd3 Qxb2 15. O-O Qxa1 16. Qb5+ Bd7 17. Qxb7 Rc8 18. Nbc3 Qxf1+ 19. Kxf1 Bg7 20. Be5 Be6 21. Qxa7 O-O 22. Qxe7 Rfe8 23. Qb7 Rc4 24. a4 Rec8 25. a5 Rxc3 26. Nxc3 Rxc3 27. a6 Bc8 28. Qb6 Nd7 29. Qd8+ Bf8 30. Qg5+ 1-0


[Site "https://www.chess.com"]

[Event "Titled Tuesday Blitz April 11 Early 2023"]
[White "Yosha_Iglesias"]
[Black "Tarnowska, Aleksandra"]
[BlackFideId "1180967"]
[WhiteElo "2456"]
[BlackElo "1776"]
[Result "1-0"]
[Round "02"]
[TimeControl "180+2"]
[Date "2023.04.11"]
[WhiteClock "0:00:13"]
[BlackClock "0:00:01"]

1. d4 d5 2. Nf3 Nf6 3. e3 e6 4. Bd3 b6 5. O-O Bb7 6. Nbd2 Nbd7 7. Ne5 c5 8. c3 Bd6 9. f4 O-O 10. Qf3 c4 11. Bc2 b5 12. g4 b4 13. g5 Ne8 14. Bxh7+ Kxh7 15. Qh5+ Kg8 16. Rf3 Ndf6 17. gxf6 Nxf6 18. Qh3 Nh7 19. Rg3 Qf6 20. Ndf3 g6 21. Bd2 Rfd8 22. Kh1 Qg7 23. Rag1 Nf8 24. Ng4 Nd7 25. Ng5 Kf8 26. Nh6 Ke7 27. Ngxf7 Rf8 28. Rxg6 Qxf7 29. Nxf7 Rxf7 30. Rg7 Rf8 31. Qh4+ Ke8 32. Be1 Be7 33. Qh5 Nf6 34. Qg6 1-0


[Site "https://www.chess.com"]

[Event "Titled Tuesday Blitz April 11 Early 2023"]
[White "Slayyy_200"]
[Black "Sowul, Bartosz"]
[BlackFideId "1137590"]
[WhiteElo "2111"]
[BlackElo "2188"]
[Result "1/2-1/2"]
[Round "02"]
[TimeControl "180+2"]
[Date "2023.04.11"]
[WhiteClock "0:00:08"]
[BlackClock "0:00:07"]

1. e4 c5 2. c3 Nf6 3. e5 Nd5 4. d4 cxd4 5. Nf3 d6 6. cxd4 Nc6 7. Bc4 Nb6 8. Bb3 dxe5 9. dxe5 Qxd1+ 10. Bxd1 Bg4 11. Nc3 e6 12. O-O Be7 13. Nb5 O-O 14. Nbd4 Nxd4 15. Nxd4 Bxd1 16. Rxd1 Rfd8 17. Be3 Rd5 18. Nf3 Rxd1+ 19. Rxd1 Nd5 20. Bd4 Rc8 21. Kf1 a6 22. Ke2 Nf4+ 23. Kf1 h6 24. g3 Nd5 25. Ke2 b5 26. a3 a5 27. Kd2 b4 28. Ra1 Kf8 29. axb4 Bxb4+ 30. Kd3 Ke7 31. Nd2 Bxd2 32. Kxd2 Ra8 33. Bc5+ Kd7 34. Ra4 Kc6 35. Bd6 Kb5 36. b3 Rc8 37. Ra2 Nb6 38. Rc2 Rxc2+ 39. Kxc2 Nd5 40. Kb2 Nb6 41. Ka3 Nd7 42. Kb2 h5 43. f4 g6 44. h4 Nb6 45. Bb8 Nd5 46. Ba7 Nb4 47. Kc3 Na2+ 48. Kb2 Nb4 49. Kc3 Nc6 50. Bf2 Nb8 51. Be3 Nd7 52. Bf2 Nb8 53. Kb2 Nc6 54. Ka3 Ne7 55. Kb2 Nd5 56. Bd4 Kc6 57. Ka3 Kb5 58. Kb2 Ne7 59. Kc2 Nf5 60. Bf2 Kb4 61. Kb2 a4 62. Be1+ Kb5 63. bxa4+ Kxa4 64. Kc2 Kb5 65. Kd3 Nh6 66. Kd4 Ng4 67. Ke4 Nh2 68. Ke3 Ng4+ 69. Kf3 Kc4 70. Ba5 Kd3 71. Bd8 Nh6 72. Bg5 Nf5 73. Be7 Nd4+ 74. Kg2 Ke4 75. Bc5 Nf5 76. Bf2 Nh6 77. Be1 Ng4 78. Bd2 Kd3 79. Ba5 Ke2 80. Bb6 Ne3+ 81. Kh3 Nf1 82. g4 hxg4+ 83. Kxg4 Nh2+ 84. Kg5 Nf3+ 85. Kf6 Nxh4 86. Kxf7 Ng2 87. Kxe6 Nxf4+ 88. Kf6 Nd5+ 89. Kxg6 Nxb6 90. e6 Nc8 91. Kf7 Kf3 92. Ke8 Nd6+ 93. Kd7 Nf5 94. Ke8 Ke4 95. e7 Nxe7 1/2-1/2


[Site "https://www.chess.com"]

[Event "Titled Tuesday Blitz April 11 Early 2023"]
[White "Vanek, Tomas"]
[Black "Savitha Shri B"]
[WhiteFideId "313459"]
[BlackFideId "35061887"]
[WhiteElo "2052"]
[BlackElo "2191"]
[Result "1-0"]
[Round "02"]
[TimeControl "180+2"]
[Date "2023.04.11"]
[WhiteClock "0:00:19"]
[BlackClock "0:00:21"]

1. a3 c5 2. e4 Nc6 3. f4 e5 4. d3 exf4 5. Bxf4 d5 6. Nc3 dxe4 7. Nxe4 Nf6 8. Qe2 Nxe4 9. Qxe4+ Be7 10. O-O-O O-O 11. Kb1 Bf6 12. Re1 Qb6 13. Bc1 Nd4 14. Nf3 Nb5 15. Ka2 Be6+ 16. c4 Qa5 17. Ng5 Bxg5 18. Bxg5 Qa4 19. Be2 Qc2 20. Ka1 Nd4 21. Bd1 Nb3+ 22. Ka2 Nc1+ 23. Ka1 Qxd3 24. Bxc1 Qd7 25. Bc2 g6 26. h4 Rae8 27. Qf3 b5 28. Bh6 Bg4 29. Qf6 Qd4 30. Qxd4 cxd4 31. Bxf8 Rxf8 32. cxb5 Bd7 33. Bd3 Rd8 34. h5 Bg4 35. hxg6 fxg6 36. Rh4 Kg7 37. Rxg4 h5 38. Rge4 Kh6 39. Re6 Kg5 40. Rxg6+ Kh4 41. Rf6 1-0


[Site "https://www.chess.com"]

[Event "Titled Tuesday Blitz April 11 Early 2023"]
[White "Sandro970"]
[Black "Cramling Bellon, Anna"]
[BlackFideId "32009232"]
[WhiteElo "2455"]
[BlackElo "1972"]
[Result "1-0"]
[Round "02"]
[TimeControl "180+2"]
[Date "2023.04.11"]
[WhiteClock "0:00:22"]
[BlackClock "0:00:02"]

1. e4 c5 2. Nc3 Nc6 3. f4 g6 4. Nf3 Bg7 5. d3 e6 6. g3 Nge7 7. Bg2 d5 8. O-O O-O 9. e5 Nf5 10. Qe1 Ncd4 11. Qf2 Nxf3+ 12. Bxf3 Nd4 13. Bg2 f6 14. exf6 Bxf6 15. Be3 Bd7 16. Kh1 Rc8 17. Rae1 b6 18. Bh3 Nf5 19. Bc1 d4 20. Ne4 Bc6 21. Bg2 Bxe4 22. dxe4 Ne3 23. Bxe3 dxe3 24. Qxe3 Bxb2 25. c3 c4 26. Rf2 Ba3 27. Rd2 Qe7 28. Red1 Rfd8 29. e5 Bc5 30. Qe4 b5 31. Qb7 Rb8 32. Qa6 Rxd2 33. Rxd2 Rd8 34. Rxd8+ Qxd8 35. Qxe6+ Kg7 36. Bd5 Qa5 37. Qf7+ Kh6 38. g4 g5 39. Qf6# 1-0


[Site "https://www.chess.com"]

[Event "Titled Tuesday Blitz April 11 Early 2023"]
[White "mohsengabr2002"]
[Black "MANOJ_MISHRA123"]
[WhiteElo "2454"]
[BlackElo "2094"]
[Result "1/2-1/2"]
[Round "02"]
[TimeControl "180+2"]
[Date "2023.04.11"]
[WhiteClock "0:00:42"]
[BlackClock "0:00:03"]

1. e4 d6 2. d4 Nf6 3. Nc3 Nbd7 4. f3 e5 5. Nge2 Be7 6. Be3 c6 7. d5 Qc7 8. g4 h6 9. h4 Nc5 10. Rg1 Qb6 11. Qd2 Nxg4 12. fxg4 Bxh4+ 13. Kd1 Qxb2 14. Rb1 Qa3 15. dxc6 O-O 16. g5 h5 17. Rh1 f5 18. Rxh4 f4 19. Bxc5 Qxc5 20. Qd5+ Qxd5+ 21. Nxd5 bxc6 22. Ne7+ Kf7 23. Nxc8 Rfxc8 24. Rxh5 Kg6 25. Rh2 Rh8 26. Rxh8 Rxh8 27. Rb7 f3 28. Ng3 Kxg5 29. Rxg7+ Kf4 30. Kd2 Rh2+ 31. Kd3 d5 32. Rf7+ Kxg3 33. exd5 cxd5 34. Kc3 Kf2 35. Bb5 Ke3 36. Bc6 d4+ 37. Kb3 f2 38. Bb5 Rh3 39. c3 e4 40. cxd4 Kd2+ 41. Kb4 Ke1 42. d5 e3 43. d6 Rh6 44. Kc5 e2 45. Bxe2 Kxe2 46. d7 Rh8 47. Kd6 f1=Q 48. Rxf1 Kxf1 49. Kc7 Ke2 50. d8=Q Rxd8 51. Kxd8 a5 52. Kc7 a4 53. Kb6 Kd3 54. Kb5 Kc3 55. Kxa4 Kc4 56. Ka5 Kc5 57. Ka6 Kc6 58. a4 Kc7 59. Ka7 Kc8 60. a5 Kc7 61. Ka8 Kc8 62. Ka7 Kc7 63. Ka6 Kb8 64. Kb6 Ka8 65. a6 Kb8 66. a7+ Ka8 67. Ka6 1/2-1/2


[Site "https://www.chess.com"]

[Event "Titled Tuesday Blitz April 11 Early 2023"]
[White "Adelman, Charles"]
[Black "Necula, Iulian"]
[WhiteFideId "2003597"]
[BlackFideId "1232380"]
[WhiteElo "2451"]
[BlackElo "1790"]
[Result "0-1"]
[Round "02"]
[TimeControl "180+2"]
[Date "2023.04.11"]
[WhiteClock "0:01:32"]
[BlackClock "0:01:24"]

1. Nf3 d6 2. d4 f5 3. g3 Nf6 4. Bg2 g6 5. O-O Bg7 6. b3 O-O 7. Bb2 Nc6 8. Nbd2 Qe8 9. Re1 Ne4 10. c4 e5 11. dxe5 Nxe5 12. Nxe5 Bxe5 13. Bxe5 Qxe5 14. Nxe4 fxe4 15. Qd5+ Qxd5 16. cxd5 Bf5 17. Rac1 Rac8 18. e3 c5 19. dxc6 bxc6 20. Red1 Rf6 21. Rd4 c5 22. Ra4 Rc7 23. Bxe4 Bxe4 24. Rxe4 d5 25. Ra4 Rfc6 26. Kf1 Kf7 27. Ke2 Ke6 28. Kd3 Ke5 29. Rh4 h5 30. h3 Rh7 31. Rf4 g5 32. Rf8 Rd7 33. Rh8 c4+ 34. bxc4 dxc4+ 35. Kc2 c3 36. Rxh5 Rd2+ 37. Kb3 Rb2+ 38. Ka3 Ra6# 0-1


[Site "https://www.chess.com"]

[Event "Titled Tuesday Blitz April 11 Early 2023"]
[White "Huber, Benedikt"]
[Black "Winkels, Marcel"]
[WhiteFideId "12923583"]
[BlackFideId "1003887"]
[WhiteElo "2199"]
[BlackElo "1900"]
[Result "1-0"]
[Round "02"]
[TimeControl "180+2"]
[Date "2023.04.11"]
[WhiteClock "0:00:29"]
[BlackClock "0:00:03"]

1. d4 Nf6 2. Nc3 d5 3. Bf4 c6 4. e3 Bf5 5. f3 e6 6. g4 Bg6 7. h4 h5 8. g5 Ng8 9. Bd3 Bxd3 10. Qxd3 g6 11. Be5 Rh7 12. Nh3 Bd6 13. Nf4 Bxe5 14. dxe5 Nd7 15. Nxg6 fxg6 16. Qxg6+ Rf7 17. Qxg8+ Ke7 18. Qxd8+ Rxd8 19. f4 c5 20. O-O-O d4 21. Ne4 dxe3 22. Nf6 Nb6 23. Rxd8 Kxd8 24. g6 Rg7 25. Rg1 Nc4 26. Nxh5 Rg8 27. g7 e2 28. b3 Ne3 29. Kd2 Nf5 30. Kxe2 Ke7 31. Nf6 Rxg7 32. Rxg7+ Nxg7 33. h5 Nf5 34. Kd3 b5 35. Ne4 Kf7 36. Nxc5 Ng3 37. h6 Nh5 38. Ke4 Ng3+ 39. Kd3 Nh5 40. Ke3 a5 41. Nxe6 Kg6 42. Nd4 Kxh6 43. Nxb5 Kg6 44. Nd4 Ng3 45. f5+ Kf7 46. Kf4 Nh5+ 47. Kg5 Ng7 48. f6 Ne8 49. e6+ Kf8 50. e7+ Kf7 51. Nf3 Nxf6 52. Ne5+ Kxe7 53. Nc6+ Ke6 54. Nxa5 Ne4+ 55. Kf4 Nc3 56. a3 Kd5 57. Ke3 Kc5 58. Kd3 Na2 59. Kd2 Kb5 60. Nc4 Kc5 61. Ne3 Kd4 62. Nf1 Nc3 63. Ng3 Nb1+ 64. Kc1 Nxa3 65. Kb2 Nb5 66. Ne2+ Kc5 67. c4 Nd6 68. Kc3 Ne4+ 69. Kd3 Nd6 70. Nc1 Kb4 71. Kd4 Nb7 72. Ke5 Kc3 73. Kd5 Kb4 74. Kc6 Na5+ 75. Kd5 Nb7 76. Ke4 Na5 77. Kd3 Nb7 78. Kc2 Nc5 79. Nd3+ 1-0


[Site "https://www.chess.com"]

[Event "Titled Tuesday Blitz April 11 Early 2023"]
[White "Hartikainen, Jarmo"]
[Black "Zacurdajev, Dmitry"]
[WhiteFideId "503134"]
[BlackFideId "4196309"]
[WhiteElo "2067"]
[BlackElo "2189"]
[Result "0-1"]
[Round "02"]
[TimeControl "180+2"]
[Date "2023.04.11"]
[WhiteClock "0:00:32"]
[BlackClock "0:02:00"]

1. e4 c6 2. d4 d5 3. Nc3 dxe4 4. Nxe4 Nf6 5. Nxf6+ exf6 6. Bf4 Bd6 7. Qf3 O-O 8. Bd3 Na6 9. c3 Nc7 10. Ne2 Nd5 11. Bd2 Re8 12. O-O-O b5 13. h4 a5 14. h5 a4 15. h6 g6 16. Ng3 a3 17. b3 b4 18. c4 Nc3 19. Bxc3 bxc3 20. Ne4 Be7 21. Nxc3 Qa5 22. Bc2 Bg4 23. Qxg4 Qxc3 24. Qf4 Qb2+ 25. Kd2 Bb4+ 0-1


[Site "https://www.chess.com"]

[Event "Titled Tuesday Blitz April 11 Early 2023"]
[White "Khandelwal, Ankush"]
[Black "Chincholimath, Halsagar"]
[WhiteFideId "413470"]
[BlackFideId "5022487"]
[WhiteElo "2263"]
[BlackElo "1737"]
[Result "1-0"]
[Round "02"]
[TimeControl "180+2"]
[Date "2023.04.11"]
[WhiteClock "0:00:10"]
[BlackClock "0:00:02"]

1. e4 e5 2. Nf3 Nc6 3. Bb5 a6 4. Ba4 Nf6 5. O-O Bc5 6. c3 d6 7. d4 exd4 8. cxd4 Ba7 9. d5 b5 10. dxc6 bxa4 11. Qxa4 O-O 12. Nc3 h6 13. Bf4 Rb8 14. b3 Nh5 15. Bd2 Bg4 16. Nd4 Qf6 17. Be3 Nf4 18. f3 Bc8 19. Rad1 Qg5 20. Bxf4 Qxf4 21. Nd5 Qe5 22. Kh1 f5 23. Qc4 Kh8 24. Nxc7 fxe4 25. Nce6 Rf6 26. fxe4 Bxe6 27. Nxe6 Qxe6 28. c7 Qxc4 29. bxc4 Rc8 30. Rxf6 gxf6 31. Rxd6 Rxc7 32. Rxf6 Rxc4 33. g3 Rxe4 34. Rxh6+ Kg7 35. Rxa6 Bd4 36. Ra4 Re1+ 37. Kg2 Rd1 38. Kf3 Bf6 39. h4 Rf1+ 40. Kg4 Rg1 41. Ra7+ Kg6 42. Ra6 Kg7 43. h5 Be5 44. Ra7+ Kh6 45. Ra6+ Kg7 46. a4 Rxg3+ 47. Kf5 Bb2 48. Ra7+ Kh6 49. Ra8 Rg5+ 50. Kf4 Rxh5 51. a5 Bc1+ 52. Ke4 Rh4+ 53. Kd5 Rh5+ 54. Kc6 Bd2 55. a6 Ra5 56. Kb6 Ra2 57. Re8 Kg5 58. a7 Rxa7 59. Kxa7 Kf4 60. Kb7 Kg3 61. Kc6 Bf4 62. Kd5 Kh2 63. Rg8 1-0


[Site "https://www.chess.com"]

[Event "Titled Tuesday Blitz April 11 Early 2023"]
[White "Sanchez, Robert"]
[Black "Bochnicka, Vladimir"]
[WhiteFideId "2034360"]
[BlackFideId "14943450"]
[WhiteElo "2006"]
[BlackElo "2094"]
[Result "0-1"]
[Round "02"]
[TimeControl "180+2"]
[Date "2023.04.11"]
[WhiteClock "0:00:09"]
[BlackClock "0:00:04"]

1. Nf3 c5 2. e3 Nc6 3. b3 Nf6 4. Bb2 d6 5. d4 Bg4 6. Be2 e6 7. Nbd2 Be7 8. h3 Bh5 9. O-O O-O 10. c4 Bg6 11. Nh4 Rc8 12. Nxg6 hxg6 13. a3 d5 14. dxc5 Bxc5 15. b4 Be7 16. c5 e5 17. Nf3 e4 18. Nd4 a5 19. b5 Ne5 20. Rc1 Bxc5 21. Rxc5 Rxc5 22. Nb3 Ned7 23. Nxc5 Nxc5 24. Qd4 b6 25. Rd1 Qc7 26. g4 Rc8 27. g5 Ne6 28. Qd2 Nxg5 29. Bxf6 gxf6 30. Qxd5 Nxh3+ 31. Kg2 Ng5 32. Bg4 Rf8 33. Qc6 Qxc6 34. bxc6 f5 35. Be2 Rc8 36. Bb5 Kf8 37. Rd7 Ne6 38. Rb7 Nc7 39. a4 Nd5 40. Rd7 Nb4 41. Rb7 Nxc6 42. Rxb6 Ne5 43. Ra6 Kg7 44. Rxa5 Nf3 45. Be2 Ng5 46. Ra7 Kh6 47. a5 Rc3 48. a6 Ra3 49. Rc7 Nf3 50. Bxf3 exf3+ 51. Kxf3 Rxa6 52. Rxf7 Kg5 0-1


[Site "https://www.chess.com"]

[Event "Titled Tuesday Blitz April 11 Early 2023"]
[White "Pniaczek, Marek"]
[Black "Aung Thant Zin"]
[WhiteFideId "21800421"]
[BlackFideId "13000063"]
[WhiteElo "2138"]
[BlackElo "2278"]
[Result "1-0"]
[Round "02"]
[TimeControl "180+2"]
[Date "2023.04.11"]
[WhiteClock "0:01:21"]
[BlackClock "0:00:21"]

1. e4 c5 2. Nf3 Nc6 3. d4 cxd4 4. Nxd4 Nf6 5. Nc3 d6 6. Bg5 e6 7. Qd3 a6 8. O-O-O Qc7 9. Nxc6 bxc6 10. Qg3 Be7 11. Bc4 Rb8 12. Bb3 e5 13. Rd3 h6 14. Bxf6 Bxf6 15. Rhd1 c5 16. Rxd6 1-0


[Site "https://www.chess.com"]

[Event "Titled Tuesday Blitz April 11 Early 2023"]
[White "NtcPou"]
[Black "Liu, Casper"]
[BlackFideId "1454153"]
[WhiteElo "1976"]
[BlackElo "2221"]
[Result "0-1"]
[Round "02"]
[TimeControl "180+2"]
[Date "2023.04.11"]
[WhiteClock "0:00:48"]
[BlackClock "0:01:15"]

1. e4 c5 2. Nf3 g6 3. c4 Bg7 4. d4 cxd4 5. Nxd4 Nf6 6. Nc3 Nc6 7. Be3 O-O 8. Be2 a6 9. O-O Qa5 10. Nb3 Qc7 11. Qd2 d6 12. f3 Ne5 13. Rac1 Nfd7 14. Nd5 Qd8 15. f4 e6 16. fxe5 exd5 17. exd6 dxe4 18. c5 Ne5 19. h3 f5 20. Qd5+ Kh8 21. Bd4 Re8 22. Bc3 Be6 23. Qd4 Nf3+ 24. gxf3 Qg5+ 25. Kh1 Bxd4 26. Bxd4+ Kg8 27. f4 Qh4 28. Kh2 g5 29. fxg5 f4 30. Bf2 Qxh3+ 31. Kg1 f3 32. Rc3 Qg2# 0-1


[Site "https://www.chess.com"]